 Dungeon Crawl Stone Soup version 0.29.1-2-gbd0b4ee654 (webtiles) character file.

Game seed: 5482319348535754307

21493 funnyparkerb the Fighter (level 12, -3/62 (70) HPs)
             Began as a Vine Stalker Fighter on Nov 21, 2022.
             Was a Believer of Uskayaw.
             Slain by a spectral orc knight
             ... wielding a +2 great mace
             ... summoned by Nergalle
              (6 damage)
             ... on level 2 of the Lair of Beasts.
             The game lasted 00:24:54 (12596 turns).

funnyparkerb the Fighter (Vine Stalker Fighter)    Turns: 12596, Time: 00:24:55

HP:   -3/62 (70)    AC: 15    Str: 25    XL:     12   Next: 90%
MP:   0/20          EV: 13    Int:  8    God:    Uskayaw [**....]
Gold: 753           SH:  4    Dex: 13    Spells: 11/11 levels left

rFire   + . .      SeeInvis .   g - +4 dagger (elec)
rCold   . . .      Faith    +   c - +0 buckler
rNeg    . . .      Spirit   +   z - +2 scale mail {rF+}
rPois   .          Reflect  .   b - +0 helmet
rElec   .          Harm     .   H - +0 cloak
rCorr   +          Rampage  .   o - +0 pair of gloves
Will    +....                   u - +0 pair of boots
Stlth   ..........              l - amulet of faith
HPRegen 1.00/turn               y - +4 ring of evasion
MPRegen 0.17/turn               K - ring of resist corrosion

@: heavily drained
A: fangs 3, regeneration 1, magic shield, antimagic bite, no potion heal 2
a: Renounce Religion, Stomp, Line Pass


You were on level 2 of the Lair of Beasts.
You worshipped Uskayaw.
Uskayaw was aware of your devotion.
You visited 3 branches of the dungeon, and saw 14 of its levels.
You also visited: Sewer.

You collected 753 gold pieces.

Inventory:

Hand Weapons
 g - a +4 dagger of electrocution (weapon)
Missiles
 I - a throwing net (quivered)
 L - a curare-tipped dart
Armour
 b - a +0 helmet (worn)
 c - a +0 buckler (worn)
 o - a +0 pair of gloves (worn)
 u - a +0 pair of boots (worn)
 z - a +2 scale mail of fire resistance (worn)
 H - a +0 cloak (worn)
Jewellery
 l - an amulet of faith (around neck)
 m - an amulet of the acrobat
 y - a +4 ring of evasion (left hand)
 K - a ring of resist corrosion (right hand)
 R - a ring of protection from cold
 S - a ring of fire
Wands
 x - a wand of charming (31)
 A - a wand of roots (23)
 J - a wand of quicksilver (13)
 O - a wand of flame (7)
 Q - a wand of mindburst (15)
Scrolls
 a - 2 scrolls of enchant armour {unknown}
 f - 6 scrolls of teleportation {unknown}
 i - 3 scrolls of blinking {unknown}
 j - 2 scrolls of summoning {unknown}
 k - 3 scrolls of fear {unknown}
 p - a scroll of silence {unknown}
 v - 4 scrolls of amnesia {unknown}
 w - 3 scrolls of vulnerability {unknown}
 B - 2 scrolls of enchant weapon {unknown}
 C - 2 scrolls of poison {unknown}
 D - 4 scrolls of magic mapping {unknown}
 F - 3 scrolls of immolation {unknown}
 G - 4 scrolls of noise {unknown}
 N - 3 scrolls of butterflies {unknown}
Potions
 d - a potion of berserk rage {unknown}
 e - 2 potions of haste
 h - 5 potions of curing
 n - 2 potions of mutation
 r - 9 potions of flight
 s - 4 potions of lignification
 t - 3 potions of attraction
 E - 2 potions of invisibility
 M - 4 potions of brilliance
 P - 2 potions of resistance
 T - 2 potions of cancellation


   Skills:
 + Level 11.3 Fighting
 - Level 10.0 Short Blades
 + Level 8.4 Armour
 - Level 2.6 Shields
 + Level 10.5 Invocations


You had 11 spell levels left.
You didn't know any spells.
Your spell library contained the following spells:

 Spells                   Type           Power      Damage    Failure   Level
 Magic Dart               Conj           0%         1d3       77%         1
 Call Imp                 Summ           0%         N/A       88%         2
 Ensorcelled Hibernation  Hex/Ice        0%         N/A       88%         2
 Passwall                 Tmut/Erth      0%         N/A       88%         2
 Poisonous Vapours        Pois/Air       0%         N/A       88%         2
 Ignite Poison            Fire/Tmut/Pois 0%         N/A       98%         3
 Inner Flame              Hex/Fire       0%         N/A       98%         3
 Mephitic Cloud           Conj/Pois/Air  0%         N/A       98%         3
 Spider Form              Tmut/Pois      0%         N/A       98%         3
 Summon Guardian Golem    Hex/Summ       0%         N/A       98%         3
 Swiftness                Air            0%         N/A       98%         3
 Anguish                  Hex/Necr       0%         N/A       100%        4
 Cause Fear               Hex            0%         N/A       100%        4
 Corpse Rot               Necr/Pois/Air  0%         N/A       100%        4
 Freezing Cloud           Conj/Ice/Air   0%         6-21      100%        5
 Orb of Destruction       Conj           0%         9d5       100%        7
 Spellforged Servitor     Conj/Summ      0%         N/A       100%        7
 Discord                  Hex            0%         N/A       100%        8


Dungeon Overview and Level Annotations

Branches:
Dungeon (11/15)            Temple (1/1) D:6            Lair (2/5) D:10
    Orc (0/2) D:11          Sewer (visited)
  Swamp: Lair:2-3    Shoals: Lair:2-3     Snake: Lair:2-3    Spider: Lair:2-3

Altars:
Cheibriados
Elyvilon
Fedhas
Gozag
Hepliaklqana
Kikubaaqudgha
Makhleb
Nemelex Xobeh
Okawaru
Sif Muna
Trog
Uskayaw
Wu Jian
Xom
Yredelemnul
The Shining One

Shops:
D:4 !   D:6 (:*   D:8 :

Portals:
Trove: D:10 (give +3 fire dragon scales)

Annotations:
D:4 3 runed translucent doors, Rudyous's ghost, amateur HOFi
Lair:2 Nergalle


Innate Abilities, Weirdness & Mutations

You have razor-sharp teeth.
Your natural rate of healing is unusually fast.
When hurt, damage is shared between your health and your magic reserves.
Your bite disrupts and absorbs the magic of your enemies.
Potions cannot restore your health.


Message History

Nergalle is poisoned.
Nergalle convulses.
Nergalle seems to slow down.
Nergalle is lightly wounded.
Nergalle gestures at you while chanting.
Orcish apparitions take form around you.
You block the spectral orc knight's attack.
You barely miss the spectral orc knight.
You hit the spectral orc knight but do no damage.
Lightning courses through the spectral orc knight!
Your bite misses the spectral orc knight.
The spectral orc knight is moderately damaged.
The spectral orc knight hits you with a +0 great mace.
Nergalle points at you and mumbles some strange words.
The bolt of negative energy hits the spectral orc knight.
The spectral orc knight completely resists.
The bolt of negative energy hits you!!
You feel drained.
You block the spectral orc warrior's attack.
The spectral orc knight hits you with a +2 great mace!
You can now pass through a line of other dancers.
You hit the spectral orc knight but do no damage.
The spectral orc knight is moderately damaged.
You hit the spectral orc knight but do no damage.
Your bite misses the spectral orc knight.
The spectral orc knight is moderately damaged.
An eight-headed hydra comes into view.
The spectral orc knight hits you with a +0 great mace!
The spectral orc warrior completely misses you.
The spectral orc knight hits you with a +2 great mace!!
* * * LOW HITPOINT WARNING * * *
You feel drained.
* * * LOW HITPOINT WARNING * * *
Okay, then.
Okay, then.
The spectral orc knight hits you with a +0 great mace.
* * * LOW HITPOINT WARNING * * *
You feel drained.
* * * LOW HITPOINT WARNING * * *
The spectral orc warrior hits you but does no damage.
The spectral orc knight hits you with a +2 great mace!
You die...

# #.# ....
#####...P.
#Z.Z.o..D.
#Z@#(.#.## #.##
.# #.## # #..#
# ##.## ..#
####.##..## ..#
.....#.#..##..
P.#....P.P##.##
..........#..P#


You could see an eight-headed hydra, Nergalle (very poisoned, slow), a spectral
orc warrior (summoned) and 2 spectral orc knights.

Vanquished Creatures
  3 two-headed ogres
  A centaur warrior (D:11)
  6 death yaks (D:10)
  A torpor snail (Lair:1)
  A gargoyle (D:10)
  A cane toad (Lair:1)
  2 rime drakes (Lair:2)
  3 komodo dragons
  2 trolls
  A polar bear (Lair:2)
  Prince Ribbit (D:6)
  8 blink frogs
  4 slime creatures (D:11)
  Sigmund (D:2)
  8 wyverns
  2 wraiths (D:10)
  2 shadows
  Eustachio (D:6)
  10 yaks
  An acid dragon (D:10)
  Edmund (D:6)
  5 water moccasins
  3 orc warriors
  A swamp drake (D:11)
  4 black bears
  An ice beast (D:5)
  6 sky beasts
  4 ogres
  5 centaurs
  2 phantoms
  4 kobold brigands
  9 bullfrogs
  A gnoll sergeant (D:9)
  6 scorpions
  23 wights
  4 killer bees (D:8)
  5 howler monkeys
  2 hounds
  6 orc priests
  4 jellies
  Jessica (D:2)
  4 iguanas
  14 orc wizards
  Robin (D:2)
  A mummy (D:3)
  11 gnolls
  15 adders
  4 river rats (Sewer)
  2 white imps (D:7)
  2 worms
  2 dart slugs
  44 orcs
  10 bats
  8 endoplasms
  9 giant cockroaches
  16 goblins
  5 hobgoblins
  4 jackals (Sewer)
  27 kobolds
  9 quokkas
  11 ball pythons
  3 frilled lizards
  3 rats (D:1)
361 creatures vanquished.

Vanquished Creatures (others)
  2 orc wizards (D:11)
  2 fungi (Lair:2)
  18 plants
22 creatures vanquished.

Grand Total: 383 creatures vanquished

Notes
Turn   | Place    | Note
-------+----------+-------------------------------------------
     0 | D:1      | funnyparkerb the Vine Stalker Fighter began the quest for
                  | the Orb.
     0 | D:1      | Reached XP level 1. HP: 11/11 MP: 2/2
   386 | D:1      | Reached XP level 2. HP: 15/16 MP: 1/3
  1483 | D:2      | Found a faded altar of an unknown god.
  1538 | D:2      | Reached XP level 3. HP: 18/19 MP: 4/4
  1643 | D:2      | Noticed Sigmund
  1653 | D:2      | Killed Sigmund
  1654 | D:2      | Reached skill level 5 in Short Blades
  1654 | D:2      | Gained mutation: Your natural rate of healing is unusually
                  | fast. [Vine Stalker growth]
  1654 | D:2      | Reached XP level 4. HP: 12/23 MP: 2/5
  1654 | D:2      | Reached XP level 5. HP: 15/27 MP: 2/6
  1884 | D:2      | Noticed Robin
  1909 | D:2      | Killed Robin
  1921 | D:2      | Reached XP level 6. HP: 27/32 MP: 3/7
  2003 | D:2      | Noticed Jessica
  2005 | D:2      | Killed Jessica
  2463 | D:3      | Found a white marble altar of Elyvilon.
  2787 | D:3      | Found a snail-covered altar of Cheibriados.
  3376 | D:4      | Found Uclu's Distillery.
  3377 | D:4      | Noticed a black bear
  3380 | D:4      | Killed a black bear
  3381 | D:4      | Reached skill level 3 in Fighting
  3401 | D:4      | Found a sparkling altar of Nemelex Xobeh.
  3425 | D:4      | Reached XP level 7. HP: 33/36 MP: 8/8
  3639 | D:4      | Found a runed translucent gate.
  3639 | D:4      | Found a runed translucent gate.
  3639 | D:4      | Found a runed translucent gate.
  3651 | D:4      | Found a bloodstained altar of Trog.
  3797 | D:4      | Found a shimmering altar of Xom.
  3818 | D:4      | Reached skill level 4 in Fighting
  3830 | D:4      | Gained mutation: You have razor-sharp teeth. [Vine Stalker
                  | growth]
  3830 | D:4      | Reached XP level 8. HP: 39/42 MP: 6/9
  4261 | D:4      | Noticed Rudyous's ghost (amateur HOFi)
  4305 | D:4      | Found a burning altar of Makhleb.
  4526 | D:5      | Entered Level 5 of the Dungeon
  4980 | D:5      | Found a glowing drain.
  5000 | Sewer    | Entered a sewer
  5637 | D:5      | Identified the +1 ring mail of the Unbroken {-Tele Will+++
                  | rCorr Int-5}
  5690 | D:5      | Reached skill level 5 in Fighting
  6232 | D:6      | Found a staircase to the Ecumenical Temple.
  6243 | D:6      | Reached XP level 9. HP: 47/47 MP: 10/10
  6246 | D:6      | Noticed Edmund
  6251 | Temple   | Entered the Ecumenical Temple
  6266 | Temple   | Became a worshipper of Uskayaw the Reveller
  6277 | D:6      | Reached * piety under Uskayaw
  6279 | D:6      | Killed Edmund
  6279 | D:6      | Reached ** piety under Uskayaw
  6358 | D:6      | Found Pouddil's General Store.
  6425 | D:6      | Reached skill level 1 in Invocations
  6489 | D:6      | Noticed Prince Ribbit
  6501 | D:6      | Reached *** piety under Uskayaw
  6509 | D:6      | Killed Prince Ribbit
  6509 | D:6      | Reached **** piety under Uskayaw
  6569 | D:6      | Found Susidos's Book Shop.
  6612 | D:6      | Reached skill level 6 in Fighting
  6667 | D:6      | Noticed Eustachio
  6683 | D:6      | Killed Eustachio
  6841 | D:6      | Reached skill level 10 in Short Blades
  6937 | D:6      | Found Nounolio's Weapon Shop.
  7257 | D:7      | Reached skill level 7 in Fighting
  7308 | D:7      | Reached XP level 10. HP: 55/55 MP: 14/14
  7509 | D:7      | Reached skill level 5 in Invocations
  8070 | D:8      | Reached ***** piety under Uskayaw
  8214 | D:8      | Reached skill level 8 in Fighting
  8594 | D:8      | Reached ****** piety under Uskayaw
  8644 | D:8      | Found Seutwed's Book Emporium.
  9089 | D:9      | Reached skill level 5 in Armour
  9089 | D:9      | Reached XP level 11. HP: 57/60 MP: 17/17
  9574 | D:10     | Entered Level 10 of the Dungeon
  9611 | D:10     | Reached skill level 9 in Fighting
  9744 | D:10     | Found an opulent altar of Gozag.
  9760 | D:10     | Noticed a death yak
  9760 | D:10     | Noticed a death yak
  9760 | D:10     | Noticed a death yak
  9760 | D:10     | Noticed a death yak
  9761 | D:10     | Found a staircase to the Lair.
  9761 | D:10     | Noticed a death yak
  9772 | D:10     | Killed a death yak
  9773 | D:10     | Killed a death yak
  9774 | D:10     | Noticed a death yak
  9776 | D:10     | Killed a death yak
  9782 | D:10     | Killed a death yak
  9795 | D:10     | Killed a death yak
  9802 | D:10     | Killed a death yak
  9843 | D:10     | Found a portal to a secret trove of treasure.
 10092 | D:10     | Found an iron altar of Okawaru.
 10183 | D:10     | Noticed a two-headed ogre
 10196 | D:10     | Killed a two-headed ogre
 10197 | D:10     | Reached skill level 10 in Fighting
 10200 | D:10     | Reached XP level 12. HP: 31/67 MP: 19/19
 10251 | D:10     | Noticed a two-headed ogre
 10264 | D:10     | Killed a two-headed ogre
 10685 | D:11     | Noticed a centaur warrior
 10685 | D:11     | Noticed a two-headed ogre
 10697 | D:11     | Killed a two-headed ogre
 10700 | D:11     | Killed a centaur warrior
 11155 | D:11     | Found a staircase to the Orcish Mines.
 11272 | Lair:1   | Entered Level 1 of the Lair of Beasts
 11486 | Lair:1   | Reached skill level 10 in Invocations
 12064 | Lair:1   | Reached skill level 11 in Fighting
 12280 | Lair:2   | Identified the +4 battleaxe of Insufficient Pleasure
                  | {drain, Contam Str+3 Int+5 Stlth+}
 12589 | Lair:2   | Noticed Nergalle
 12595 | Lair:2   | Noticed an eight-headed hydra
 12596 | Lair:2   | HP: 3/62 [spectral orc knight/+0 great mace[Nergalle] (1)]
 12596 | Lair:2   | Slain by a spectral orc knight

Illustrated notes

Levels and vault maps discovered:
D:1:      minmay_arrival_jagged, layout_basic, nrook_mini_backslash
D:2:      layout_loops_ring, shapermc_ecumenical_altar_gd, uniq_sigmund,
          uniq_jessica, uniq_robin
D:3:      layout_basic, slow_altar_2, mainiacjoe_overflow_boulevard,
          st_stairs_13, lightli_corner_chamber
D:4:      layout_basic, lemuel_crystal_altar, bloody_makhleb,
          mainiacjoe_overflow_small_starburst, lemuel_tele_altar,
          gammafunk_ghost_icy, serial_shops, shop
D:5:      layout_basic, portal_sewer_entry_f, serial_bayou,
          serial_bayou_shore_b, serial_bayou_lagoon_a, serial_bayou_ford_a,
          serial_bayou_shore_b, corner_web_ring, chequers_avenue
D:6:      layout_basic, minmay_temple_entry_sparse_star, serial_shops,
          nicolae_shop_hallway_plus, nicolae_shop_hallway_stairs,
          nicolae_shop_hallway_stairs, hangedman_decor_diamond_cutter,
          uniq_prince_ribbit1, uniq_eustachio, uniq_edmund
D:7:      layout_loops_cross, serial_park_tiny_pond
D:8:      minmay_recursive_quarters, layout_basic, serial_shops, shop,
          minivault_25
D:9:      layout_long_grid, minmay_holes
D:10:     minmay_angry_zag, layout_irregular_city, mainiacjoe_overflow_chevrons,
          okawaru_trees_2, dpeg_lair_monsters, enter_trove_2,
          minmay_door_square, st_stairs_2
D:11:     layout_rooms, erik_orc_1
Temple:   eino_temple_lava
Lair:1:   layout_loops_ring, grunt_megastairs_4
Lair:2:   layout_loops_ring, uniq_nergalle

Skill      XL: |  1  2  3  4  5  6  7  8  9 10 11 12 |
---------------+-------------------------------------+-----
Short Blades   | 2 3 5 6 7 9 10 | 10.0
Fighting       | 3 4 5 7 8 10 11 | 11.3
Invocations    | 4 6 9 10 | 10.5
Armour         | 5 6 8 |  8.4
Shields        | |  2.6

Action                   |  1- 3 |  4- 6 |  7- 9 | 10-12 || total
-------------------------+-------+-------+-------+-------++-------
Melee: Rapier            |    15 |       |       |       ||    15
       Dagger            |    43 |    81 |   409 |   614 ||  1147
       Bite              |     3 |    22 |    96 |   199 ||   320
Throw: Dart              |       |       |       |     4 ||     4
Invok: Line Pass         |       |       |     4 |    14 ||    18
       Grand Finale      |       |       |       |     1 ||     1
Evoke: Wand              |       |       |       |     2 ||     2
  Use: Potion            |     1 |       |       |       ||     1
       Scroll            |       |       |       |    10 ||    10
 Stab: Paralysed         |       |       |     5 |    38 ||    43
       Confused          |       |       |     2 |     5 ||     7
Armor: Scale mail        |    18 |    20 |   105 |   130 ||   273
Dodge: Dodged            |    22 |    27 |   163 |   183 ||   395
Block: Buckler           |    11 |     5 |    58 |    57 ||   131
